 Dungeon Crawl Stone Soup version 0.20-a0-492-g6327889 (webtiles) character file.

25 dobroeutro the Chopper (level 2, -1/39 HPs)
             Began as a Minotaur Berserker on Jan 15, 2017.
             Was a Follower of Trog.
             Slain by a crimson imp (3 damage)
             ... summoned by Natasha
             ... on level 2 of the Dungeon.
             The game lasted 00:00:55 (963 turns).

dobroeutro the Chopper (Minotaur Berserker)          Turns: 963, Time: 00:00:55

Health: -1/39      AC:  2    Str: 26    XL:     2   Next: 86%
Magic:  1/1        EV: 12    Int:  4    God:    Trog [*.....]
Gold:   113        SH:  0    Dex:  9    Spells: 1/1 levels left

rFire    . . .     SeeInvis .   a - +0 hand axe
rCold    . . .     Gourm    .   b - +0 animal skin
rNeg     . . .     Faith    .   (no shield)
rPois    .         Spirit   .   (helmet restricted)
rElec    .         Reflect  .   (no cloak)
rCorr    .         Harm     .   (no gloves)
MR       .....                  (no boots)
Stlth    ..........             (no amulet)
Regen    0.1/turn               (no ring)
                                (no ring)

@: berserking (expiring), very quick
A: retaliatory headbutt, horns 2
a: Berserk, Burn Spellbooks, Renounce Religion


You were on level 2 of the Dungeon.
You worshipped Trog.
Trog was aware of your devotion.
You were very hungry.

You visited 1 branch of the dungeon, and saw 2 of its levels.

You collected 113 gold pieces.

Inventory:

Hand Weapons
 a - a +0 hand axe (weapon)
Armour
 b - a +0 animal skin (worn)
Jewellery
 g - an uncursed ring of poison resistance {unknown}
Scrolls
 e - a scroll of noise {unknown}
 h - a scroll of recharging {unknown}
 i - a scroll of remove curse {unknown}
 k - a scroll of magic mapping {unknown}
Comestibles
 c - a bread ration
 d - a beef jerky
 f - a meat ration
 j - 5 chunks of flesh


   Skills:
 - Level 3.6 Fighting
 + Level 5.0 Axes
 - Level 2.4 Armour
 - Level 2.1 Dodging


You had one spell level left.
You didn't know any spells.

Dungeon Overview and Level Annotations

Branches:
Dungeon (2/15)

Altars:
Cheibriados

Annotations:
D:2 1 runed door, Natasha


Innate Abilities, Weirdness & Mutations

You reflexively headbutt those who attack you in melee.
You have a pair of horns on your head.


Message History

Unknown command.
A red film seems to cover your vision as you go berserk!
You feel yourself moving faster!
You feel mighty!
You are feeling very hungry.
Natasha claws you but does no damage. The crimson imp hits you.
You closely miss Natasha.
Natasha is almost dead.
You closely miss the crimson imp. Natasha claws you!
You closely miss Natasha.
Natasha is almost dead.
You closely miss the crimson imp.
The crimson imp picks up a beetle and eats it.
The crimson imp hits you.
* * * LOW HITPOINT WARNING * * *
Natasha claws you!
* * * LOW HITPOINT WARNING * * *
You closely miss Natasha.
Natasha is almost dead.
You closely miss the crimson imp. The crimson imp hits you.
You die...

### ..# ######### #.#
#.......# #.#### #.......#
.....# #.......# # .....#
#.......# ..# .....#
#.......####...#
#########.......#5......
........'.......@h......
.########.......#....... .#
#########....... .# .......
.# #####.. .####### ### .
.#.....# #.. ..... .#.....#
#.# .... #.#
.#.....############.####..#
#.#


You could see Natasha and a crimson imp.

Vanquished Creatures
  2 dart slugs
  A leopard gecko (D:2)
  4 bats
  2 hobgoblins
  5 jackals
  2 goblins
  3 rats (D:1)
19 creatures vanquished.

Notes
Turn   | Place    | Note
-------+----------+-------------------------------------------
     0 | D:1      | dobroeutro the Minotaur Berserker began the quest for the Orb.
     0 | D:1      | Reached XP level 1. HP: 19/19 MP: 0/0
   135 | D:1      | Reached skill level 4 in Axes
   440 | D:1      | Reached XP level 2. HP: 23/26 MP: 1/1
   774 | D:2      | Found a snail-covered altar of Cheibriados.
   803 | D:2      | Found a runed door.
   872 | D:2      | Reached skill level 5 in Axes
   952 | D:2      | Noticed Natasha
   959 | D:2      | Noticed a crimson imp
   963 | D:2      | Slain by a crimson imp

Vault maps used:
D:1:      dpeg_arrival_court, hangedman_decor_growths, serial_park_tiny_pond
D:2:      kennysheep_slug_shrine, uniq_crazy_yiuf_cottage, uniq_natasha

Skill      XL: |  1  2 |
---------------+-------+-----
Axes           | 4 5 |  5.0
Fighting       | |  3.6
Armour         | |  2.4
Dodging        | |  2.1

Action                   || total
-------------------------++-------
Melee: Hand axe          ||    46
       Headbutt          ||     5
Invok: Berserk           ||     1
Armor: Animal skin       ||    13
Dodge: Dodged            ||    34
